 Dungeon Crawl Stone Soup version 0.23.2-33-g5129a83184 (webtiles) character file.

Game seed: 13715470969806928178

51 DildoBatman the Magician (level 4, -7/30 HPs)
             Began as a Formicid Wizard on Aug 9, 2019.
             Was a Follower of Wu Jian.
             Mangled by a worm (11 damage)
             ... on level 3 of the Dungeon.
             The game lasted 00:05:06 (1633 turns).

DildoBatman the Magician (Formicid Wizard)          Turns: 1633, Time: 00:05:07

Health: -7/30      AC:  3    Str: 12    XL:     4   Next: 7%
Magic:  4/8        EV: 12    Int: 18    God:    Wu Jian [*.....]
Gold:   121        SH:  0    Dex:  9    Spells: 8/9 levels left

rFire    . . .     SeeInvis +   c - +0 club
rCold    . . .     Gourm    .   (no shield)
rNeg     . . .     Faith    .   a - +0 robe
rPois    .         Spirit   .   (helmet unavailable)
rElec    .         Reflect  .   (no cloak)
rCorr    .         Harm     .   l - +0 pair of gloves
MR       .....                  (no boots)
Stlth    ++........             (no amulet)
HPRegen  0.10/turn              (no ring)
MPRegen  0.11/turn              (no ring)

@: no status effects
A: permanent stasis, dig shafts and tunnels, four strong arms, antennae 3
a: Dig, Shaft Self, Renounce Religion


You were on level 3 of the Dungeon.
You worshipped Wu Jian.
Wu Jian was aware of your devotion.
You were not hungry.

You visited 1 branch of the dungeon, and saw 3 of its levels.

You collected 121 gold pieces.

Inventory:

Hand Weapons
 b - a cursed -2 hunting sling
 c - a +0 club (weapon)
Missiles
 e - 16 stones (quivered)
Armour
 a - a +0 robe (worn)
 l - a +0 pair of gloves (worn)
Scrolls
 f - a scroll of remove curse {unknown}
 g - 2 scrolls of teleportation {unknown}
 h - 4 scrolls of identify {unknown}
 i - a scroll of fog {unknown}
 k - a scroll of magic mapping {unknown}
Potions
 d - a potion of berserk rage {unknown}
 j - a potion of degeneration {unknown}
 m - 2 potions of agility {unknown}
 n - a potion of might {unknown}
Comestibles
 o - 3 chunks of flesh
 v - 6 rations


   Skills:
 - Level 1.7 Dodging
 - Level 2.4 Stealth
 - Level 3.2 Spellcasting
 * Level 3.2 Conjurations
   Level 1.0 Summonings
   Level 0.8 Translocations


You had 8 spell levels left.
You knew the following spells:

 Your Spells              Type           Power        Failure   Level  Hunger
c - Magic Dart            Conj           ##..         4%          1    None

Your spell library contained the following spells:

 Spells                   Type           Power        Failure   Level  Hunger
 Call Imp                 Summ           #.......     16%         2    ##.....
 Slow                     Hex            #.......     24%         2    ##.....
 Conjure Flame            Conj/Fire      #.......     24%         3    ###....
 Mephitic Cloud           Conj/Pois/Air  #.......     30%         3    ###....
 Blink                    Tloc           Unusable     N/A         2    N/A

Dungeon Overview and Level Annotations

Branches:
Dungeon (3/15)

Altars:
Wu Jian
Zin

Annotations:
D:2 1 exclusion


Innate Abilities, Weirdness & Mutations

You cannot be hasted, slowed, berserked, paralysed or teleported.
You can dig through walls and to a lower floor.
Your four strong arms can wield two-handed weapons with a shield.
You have a pair of large antennae on your head. (SInv)


Message History

The worm misses you. The goblin closely misses you.
What are your orders? t - Shout!
Orders for allies: a - Attack new target. r - Retreat! s - Stop attacking. g - Guard the area. f - Follow me.
Anything else - Cancel.
You shout for attention!
The goblin completely misses you. The rat bites you.
What are your orders? t - Shout!
Orders for allies: a - Attack new target. r - Retreat! s - Stop attacking. g - Guard the area. f - Follow me.
Anything else - Cancel.
You shout for attention!
The worm bites you!
You die...

###### #### ..... .....
##..$##...##
##..........# #+#
#.....)...... ....
#.....r...... ....
#..gw@..<....
#..###.Sg.......#
#..#.l$...#...##
#####...†.#### ### ######
.....!..### #....#
.....#....##########....#
.......##...............#
......###.)######.......#
......##..#######.#######


You could see a worm, an adder, a leopard gecko, a hobgoblin, a goblin and a
rat.

Vanquished Creatures
  2 adders
  A dart slug (D:1)
  3 giant cockroaches
  2 goblins
  7 hobgoblins
  A ball python (D:2)
  7 bats
  2 frilled lizards
  3 kobolds
  2 rats
30 creatures vanquished.

Notes
Turn   | Place    | Note
-------+----------+-------------------------------------------
     0 | D:1      | DildoBatman the Formicid Wizard began the quest for the
                  | Orb.
     0 | D:1      | Reached XP level 1. HP: 13/13 MP: 4/4
     3 | D:1      | Reached skill level 1 in Conjurations
   336 | D:1      | Reached XP level 2. HP: 19/19 MP: 0/6
   831 | D:2      | Found a glowing silver altar of Zin.
   833 | D:2      | Reached XP level 3. HP: 24/24 MP: 4/7
  1338 | D:2      | Noticed a bullfrog
  1388 | D:2      | Found a faded altar of an unknown god.
  1393 | D:2      | Became a worshipper of the Wu Jian Council
  1393 | D:2      | Reached * piety under Wu Jian
  1617 | D:3      | Reached XP level 4. HP: 30/30 MP: 2/8
  1633 | D:3      | Mangled by a worm

Skill      XL: |  1  2  3 |
---------------+----------+-----
Conjurations   | 1 2 3 |  3.2
Dodging        | |  1.7
Stealth        | |  2.4
Spellcasting   | |  3.2
Summonings     | |  1.0
Translocations | |  0.8

Action                   |  1- 3 |  4- 6 || total
-------------------------+-------+-------++-------
Melee: Club              |    20 |     3 ||    23
 Cast: Magic Dart        |    71 |     1 ||    72
Invok: Whirlwind         |     5 |     2 ||     7
       Lunge             |     4 |     1 ||     5
 Stab: Sleeping          |     2 |       ||     2
  Eat: Chunk             |     2 |       ||     2
Armor: Robe              |     6 |     6 ||    12
Dodge: Dodged            |    25 |    14 ||    39
